 Dungeon Crawl Stone Soup version 0.27-a0-1299-g1ab19c6527 (webtiles) character file.

Game seed: 424553310800152472

185 lunkers the Gusty (level 5, -1/28 HPs)
             Began as a Tengu Air Elementalist on June 16, 2021.
             Slain by Sigmund (4 damage)
             ... on level 3 of the Dungeon.
             The game lasted 00:07:45 (3504 turns).

lunkers the Gusty (Tengu Air Elementalist)          Turns: 3504, Time: 00:07:46

Health: -1/28      AC:  2    Str:  9    XL:     5   Next: 64%
Magic:  7/20       EV: 14    Int: 16    God:
Gold:   66         SH:  0    Dex: 14    Spells: 0/10 levels left

rFire    . . .     SeeInvis .   g - +2 dagger (venom)
rCold    . . .     Faith    .   (no shield)
rNeg     . . .     Spirit   .   a - +0 robe
rPois    .         Reflect  .   (helmet restricted)
rElec    .         Harm     .   (no cloak)
rCorr    .         Rampage  .   (no gloves)
Will     .....                  (boots unavailable)
Stlth    ++........             (no amulet)
HPRegen  0.09/turn              h - ring of magical power
MPRegen  0.17/turn              (no ring)

@: flying quickly and evasively, quick
A: beak, talons 3, nimble flight
a: no special abilities


You were on level 3 of the Dungeon.
You visited 1 branch of the dungeon, and saw 3 of its levels.

You collected 66 gold pieces.

Inventory:

Hand Weapons
 b - a +0 dagger of holy wrath
 g - a +2 dagger of venom (weapon)
 p - a +7 club
Armour
 a - a +0 robe (worn)
 l - a +2 kite shield
Jewellery
 h - a ring of magical power (left hand)
Wands
 o - a wand of digging (5)
Scrolls
 c - a scroll of fog {unknown}
 d - a scroll of identify {unknown}
 f - a scroll of magic mapping {unknown}
 i - 3 scrolls of immolation {unknown}
 k - a scroll of enchant armour {unknown}
 m - 2 scrolls of teleportation {unknown}
 q - a scroll of noise {unknown}
Potions
 e - a potion of flight {unknown}
 j - 2 potions of heal wounds {unknown}
 n - a potion of resistance {unknown}


   Skills:
 - Level 2.1 Dodging
 - Level 2.0 Stealth
 + Level 3.3 Spellcasting
 - Level 1.3 Conjurations
 * Level 7.1 Air Magic


You couldn't memorise any spells.
You knew the following spells:

 Your Spells              Type           Power      Damage    Failure   Level
a - Shock                 Conj/Air       64%        1d7       3%          1
b - Static Discharge      Conj/Air       16%        N/A       4%          2
c - Swiftness             Air            25%        N/A       3%          3
d - Airstrike             Air            12%        N/A       10%         4

Your spell library contained the following spells:

 Spells                   Type           Power      Damage    Failure   Level
 Corona                   Hex            2%         N/A       19%         1
 Ensorcelled Hibernation  Hex/Ice        4%         N/A       26%         2
 Dazzling Flash           Conj/Hex       8%         N/A       38%         3
 Confusing Touch          Hex            2%         N/A       47%         3
 Tukima's Dance           Hex            2%         N/A       47%         3
 Lightning Bolt           Conj/Air       8%         1d20      65%         5


Dungeon Overview and Level Annotations

Branches:
Dungeon (3/15)

Altars:
Elyvilon
Trog

Shops:
D:3 *

Annotations:
D:3 Sigmund


Innate Abilities, Weirdness & Mutations

You have a beak for a mouth.
You have claws for feet.
Your magical nature lets you fly swiftly and evasively.


Message History

Sigmund misses you. The gnoll misses you.
Unknown command.
Unknown command.
Unknown command.
Casting: Static Discharge (safe; 4% risk of failure)
Confirm with . or Enter, or press ? or * to list all spells.
Sigmund is struck by an arc of lightning.
Sigmund is heavily wounded.
The gnoll is struck by an arc of lightning.
The gnoll is moderately wounded.
Sigmund is struck by an arc of lightning.
Sigmund is heavily wounded.
The lightning grounds out.
Sigmund casts a spell.
Sigmund flickers and vanishes!
Deactivating autopickup; reactivate with Ctrl-A.
The gnoll hits you from afar with a +0 spear!
Unknown command.
Unknown command.
Unknown command.
Casting: Static Discharge (safe; 4% risk of failure)
Confirm with . or Enter, or press ? or * to list all spells.
Something is struck by an arc of lightning!
The lightning grounds out.
Something hits you.
* * * LOW HITPOINT WARNING * * *
The gnoll hits you from afar with a +0 spear.
* * * LOW HITPOINT WARNING * * *
Unknown command.
Casting: Static Discharge (safe; 4% risk of failure)
Confirm with . or Enter, or press ? or * to list all spells.
Something is struck by an arc of lightning.
You are struck by an arc of lightning.
* * * LOW HITPOINT WARNING * * *
The lightning grounds out.
The gnoll is struck by an arc of lightning!
The gnoll is severely wounded.
You are struck by an arc of lightning.
* * * LOW HITPOINT WARNING * * *
The lightning grounds out.
Something hits you.
You die...

# #.........#.#
####.†..####.#.#########
.........>.).#.........#
...........#.........#.#
..#####..#.#.###.......#
......#....#.# #.#.....#
...##.#.##.#.###.#......
......#.##.#.#...##..#.#
......#.##.#.#.#@g...# #
......#.##.#.#.##{#..#
>.....#.##.#.# )g.....
......#.##.#.# ....#.#
.............# ....# #
.....##.##.### ....#
.##..##.##.# #...#
...#.##.##.# ...#
...#.##.##.#


You could see 2 gnolls.

Vanquished Creatures
  A hound (D:3)
  Jessica (D:3)
  Robin (D:2)
  2 adders (D:2)
  2 gnolls
  2 worms (D:2)
  A dart slug (D:2)
  An orc (D:3)
  5 bats
  2 endoplasms (D:1)
  3 giant cockroaches
  12 goblins
  10 hobgoblins
  6 jackals
  4 quokkas
  2 ball pythons (D:1)
  5 frilled lizards
  3 kobolds
  4 rats
67 creatures vanquished.

Notes
Turn   | Place    | Note
-------+----------+-------------------------------------------
     0 | D:1      | lunkers the Tengu Air Elementalist began the quest for the
                  | Orb.
     0 | D:1      | Reached XP level 1. HP: 10/10 MP: 4/4
   245 | D:1      | Reached XP level 2. HP: 15/15 MP: 4/6
   582 | D:1      | Learned a level 2 spell: Static Discharge
   698 | D:1      | Found a faded altar of an unknown god.
   806 | D:1      | Reached skill level 5 in Air Magic
   945 | D:1      | Reached XP level 3. HP: 17/19 MP: 4/7
  1635 | D:2      | Found a bloodstained altar of Trog.
  1855 | D:2      | Reached XP level 4. HP: 24/24 MP: 9/9
  1978 | D:2      | Learned a level 3 spell: Swiftness
  2127 | D:2      | Reached skill level 6 in Air Magic
  2780 | D:2      | Noticed Robin
  2798 | D:2      | Killed Robin
  2994 | D:3      | Found a white marble altar of Elyvilon.
  2994 | D:3      | Noticed Jessica
  3003 | D:3      | Killed Jessica
  3004 | D:3      | Gained mutation: Your magical nature lets you fly swiftly
                  | and evasively. [Tengu growth]
  3004 | D:3      | Reached XP level 5. HP: 28/28 MP: 10/10
  3075 | D:3      | Learned a level 4 spell: Airstrike
  3366 | D:3      | Reached skill level 7 in Air Magic
  3467 | D:3      | Found Yvom's General Store.
  3469 | D:3      | Noticed Sigmund
  3504 | D:3      | Slain by Sigmund

Illustrated notes

Levels and vault maps discovered:
D:1:      dpeg_arrival_boxorama, layout_basic,
          shapermc_ecumenical_altar_notcrosses
D:2:      layout_loops_cross, basic_altar, grunt_ministairs_4,
          minmay_tetromino_t4, uniq_robin
D:3:      layout_basic, lemuel_crystal_altar, elyvilon_altar_4, serial_shops,
          shop, kennysheep_generic_room_12, uniq_sigmund, uniq_jessica

Skill      XL: |  1  2  3  4  5 |
---------------+----------------+-----
Air Magic      | 5 6 7 |  7.1
Spellcasting   | 3 |  3.3
Dodging        | |  2.1
Stealth        | |  2.0
Conjurations   | |  1.3

Action                   |  1- 3 |  4- 6 || total
-------------------------+-------+-------++-------
Melee: Dagger            |    10 |    27 ||    37
       Peck              |     2 |     3 ||     5
       Kick              |       |     5 ||     5
 Cast: Shock             |    45 |    17 ||    62
       Static Discharge  |    14 |    31 ||    45
Armor: Robe              |     2 |     6 ||     8
Dodge: Dodged            |    14 |    31 ||    45

Table legend: (Time is in decaauts)
 A = Elapsed time spent in this place.
 B = Non-inter-level travel time spent in this place.
 C = Inter-level travel time spent in this place.
 D = Time resting spent in this place.
 E = Time spent auto-exploring this place.
 F = Levels seen in this place.
 G = Mean time per level.
                   A        B        C        D        E       F      G
               +--------+--------+--------+--------+--------+-----+--------+
         Total |   3479 |   3399 |     80 |    251 |   2706 |   3 | 1159.7 |
       Dungeon |   3479 |   3399 |     80 |    251 |   2706 |   3 | 1159.7 |
               +--------+--------+--------+--------+--------+-----+--------+

Top non-repeatable levels by time:
     D:2: 1702 daAuts
     D:1: 1274 daAuts
     D:3: 502 daAuts
